 Dungeon Crawl Stone Soup version 0.30-a0-390-g80c34de65d (webtiles) character file.

Game seed: 2447987388193364785

63 p00ps00p the Trooper (level 4, -2/41 HPs)
             Began as a Hill Orc Fighter on Dec 5, 2022.
             Slain by ShnitzelX2's ghost (5 damage)
             ... on level 3 of the Dungeon.
             The game lasted 00:03:13 (2001 turns).

p00ps00p the Trooper (Hill Orc Fighter)             Turns: 2001, Time: 00:03:14

Health: -2/41      AC:  7    Str: 20    XL:     4   Next: 10%
Magic:  4/4        EV:  9    Int:  8    God:
Gold:   124        SH:  6    Dex: 10    Spells: 3/3 levels left

rFire   . . .      SeeInvis .    a - +0 war axe
rCold   . . .      Faith    .    c - +2 buckler
rNeg    . . .      Spirit   .    b - +0 scale mail
rPois   .          Reflect  .    (no helmet)
rElec   .          Harm     .    (no cloak)
rCorr   .          Rampage  .    (no gloves)
Will    .....                    (no boots)
Stlth   ..........               (no amulet)
HPRegen 0.26/turn                (no ring)
MPRegen 0.09/turn                (no ring)

@: mighty
A: no striking features
a: no special abilities


You were on level 3 of the Dungeon.
You visited 1 branch of the dungeon, and saw 3 of its levels.

You collected 124 gold pieces.

Inventory:

Hand Weapons
 a - a +0 war axe (weapon)
Armour
 b - a +0 scale mail (worn)
 c - a +2 buckler (worn)
Jewellery
 i - an amulet of magic regeneration
Scrolls
 f - a scroll of teleportation
Potions
 d - a potion of might
 e - a potion of magic {unknown}
 g - a potion of flight
 h - 2 potions of heal wounds
 j - a potion of lignification
 k - a potion of attraction
 n - 2 potions of curing
 o - a potion of haste {unknown}


   Skills:
 + Level 4.3 Fighting
 + Level 3.6 Axes
 + Level 3.8 Armour
 + Level 3.9 Shields


You had 3 spell levels left.
You didn't know any spells.
Your spell library was empty.

Dungeon Overview and Level Annotations

Branches:
Dungeon (3/15)

Altars:
Gozag

Shops:
D:1 =

Annotations:
D:3 ShnitzelX2's ghost, amateur HuVM


Message History

You barely miss the jackal. You closely miss ShnitzelX2's ghost.
You closely miss the iguana.
The jackal bites you but does no damage.
The gnoll sergeant hits you but does no damage.
ShnitzelX2's ghost barely misses you. The jackal closely misses you.
You slash the jackal!
You kill the jackal!
You hit ShnitzelX2's ghost. You barely miss the iguana.
You miss the frilled lizard. You block ShnitzelX2's ghost's attack.
The iguana bites you but does no damage.
The frilled lizard bites you but does no damage.
The gnoll sergeant hits you from afar with a +3 spear.
The frilled lizard bites you but does no damage.
You block the gnoll sergeant's attack. The iguana bites you.
ShnitzelX2's ghost closely misses you.
ShnitzelX2's ghost whispers, "Everlasting silence awaits you..."
You block ShnitzelX2's ghost's attack. You block the gnoll sergeant's attack.
The iguana closely misses you. You block the frilled lizard's attack.
There is an open translucent gate here.
You closely miss the gnoll sergeant. You hit the iguana.
You completely miss the frilled lizard. You barely miss ShnitzelX2's ghost.
ShnitzelX2's ghost hits you.
The gnoll sergeant hits you with a +3 spear!
You block the iguana's attack. You block the frilled lizard's attack.
You hit the gnoll sergeant.
The gnoll sergeant is moderately wounded.
You slash ShnitzelX2's ghost! You hit the iguana. You slash the frilled lizard!
You kill the frilled lizard!
You block the gnoll sergeant's attack. You block the iguana's attack.
ShnitzelX2's ghost closely misses you.
You hit the gnoll sergeant.
The gnoll sergeant is moderately wounded.
You closely miss ShnitzelX2's ghost. You closely miss the iguana.
The gnoll sergeant hits you with a +3 spear.
* * * LOW HITPOINT WARNING * * *
The iguana bites you!
* * * LOW HITPOINT WARNING * * *
ShnitzelX2's ghost closely misses you. You block the gnoll sergeant's attack.
ShnitzelX2's ghost hits you.
You die...

..#.#.# ...#.#
#...### ### #.....
...
#####.#.#######.###
..#...............##
#.#.#...............
#.#.#.....l.........
#.#.##..##†@W##.....
#.#.##.##..g..##....
#.#.##.#..._$..#....
######.#.##.#8..8..8#
...
.........##.#.$..$.∩#
.. .........#
##.8∩8.## .........#
####### .........#
....†...##


You could see a gnoll sergeant, an iguana and ShnitzelX2's ghost.

Vanquished Creatures
  2 adders
  A worm (D:2)
  8 ball pythons
  3 endoplasms (D:1)
  2 giant cockroaches (D:1)
  5 goblins
  4 hobgoblins
  5 jackals
  A quokka (D:1)
  A bat (D:2)
  A frilled lizard (D:3)
  4 kobolds
  3 rats (D:1)
40 creatures vanquished.

Notes
Turn   | Place    | Note
-------+----------+-------------------------------------------
     0 | D:1      | p00ps00p the Hill Orc Fighter began the quest for the Orb.
     0 | D:1      | Reached XP level 1. HP: 19/19 MP: 1/1
   272 | D:1      | Reached XP level 2. HP: 27/27 MP: 2/2
   363 | D:1      | Found Gyguyzec's Jewellery Emporium.
   588 | D:1      | Reached skill level 4 in Fighting
   969 | D:1      | Reached XP level 3. HP: 32/33 MP: 3/3
  1964 | D:3      | Reached XP level 4. HP: 41/41 MP: 4/4
  1981 | D:3      | Found a runed translucent gate.
  1982 | D:3      | Found a runed translucent gate.
  1982 | D:3      | Found an opulent altar of Gozag.
  1983 | D:3      | Found a runed translucent gate.
  1985 | D:3      | Noticed ShnitzelX2's ghost (amateur HuVM)
  1986 | D:3      | Noticed a gnoll sergeant
  2001 | D:3      | Slain by ShnitzelX2's ghost

Illustrated notes

Levels and vault maps discovered:
D:1:      nicolae_arrival_memento_mori, layout_basic, serial_shops,
          nicolae_shop_stone, minmay_misc_feat_tower, minmay_misc_feat_roman,
          minmay_misc_feat_ornament
D:2:      layout_loops_corners, grunt_decor_mini_mirrors, skrybe_limestone_x
D:3:      layout_basic, mainiacjoe_overflow_alcove_2, ebering_ghost_gozag,
          minmay_misc_feat_tiny, minivault_11, eino_tiny_chamber, st_stairs_13,
          grunt_ministairs_10, nicolae_shop_vocational

Skill      XL: |  1  2 |
---------------+-------+-----
Axes           | 3 |  3.6
Fighting       | 4 |  4.3
Armour         | |  3.8
Shields        | |  3.9

Action                   |  1- 3 |  4- 6 || total
-------------------------+-------+-------++-------
Melee: War axe           |    95 |     5 ||   100
  Use: Scroll            |     6 |     4 ||    10
       Potion            |       |     1 ||     1
Armor: Scale mail        |    54 |     5 ||    59
Dodge: Dodged            |    40 |     6 ||    46
Block: Buckler           |    31 |    10 ||    41

Table legend: (Time is in decaauts)
 A = Elapsed time spent in this place.
 B = Non-inter-level travel time spent in this place.
 C = Inter-level travel time spent in this place.
 D = Time resting spent in this place.
 E = Time spent auto-exploring this place.
 F = Levels seen in this place.
 G = Mean time per level.
                   A        B        C        D        E       F      G
               +--------+--------+--------+--------+--------+-----+--------+
         Total |   2036 |   2015 |     21 |      0 |   1625 |   3 |  678.7 |
       Dungeon |   2036 |   2015 |     21 |      0 |   1625 |   3 |  678.7 |
               +--------+--------+--------+--------+--------+-----+--------+

Top non-repeatable levels by time:
     D:1: 1064 daAuts
     D:2: 917 daAuts
     D:3: 55 daAuts
